| TOP OF THE 1ST |
|
Vermont Lake Monsters batting - Pitching for Mahoning Valley Scrappers : LHP Tony Flores
|
|
Pitching: LHP Tony Flores
|
|
|
Batting: RHB Josh Mauer
|
0-0: Ball 1-0: DOUBLE (Line Drive, 7LD, EV 103.1 MPH)
|
|
Pinch Runner at 2nd Matt Sybrant:
|
|
|
Batting: RHB Jonathan Ellis
|
0-0: SINGLE (Groundball, 4D, EV 105.0 MPH) Matt Sybrant to third
|
|
Batting: RHB Zachary Anderson
|
0-0: Called Strike 0-1: Fly out, F8 (Flyball, 8RD, EV 80.0 MPH) Runner from 3rd tags up, SCORES, throw by CF
|
|
Batting: RHB Sean Gould
|
0-0: Ball 1-0: Ball 2-0: Ball 3-0: Base on Balls Jonathan Ellis to second
|
|
Batting: RHB Chris Prinzing
|
0-0: Ball Jonathan Ellis steals 3rd base Sean Gould to second 1-0: Swinging Strike 1-1: Swinging Strike 1-2: Ball 2-2: Ball 3-2: Strikes out swinging
|
|
Batting: RHB Jon Coleman
|
0-0: Ground out U3 (Groundball, 3, EV 90.0 MPH)
|
| Top of the 1st over - 1 run, 2 hits, 0 errors, 2 left on base; Vermont 1 - Mahoning Valley 0 |
| BOTTOM OF THE 1ST |
|
Mahoning Valley Scrappers batting - Pitching for Vermont Lake Monsters : LHP Steve Lima
|
|
Pitching: LHP Steve Lima
|
|
|
Now in RF: Nate Melendez
|
|
|
Batting: RHB Juan Ordonez
|
0-0: Ball 1-0: Called Strike 1-1: Fly out, F9 (Line Drive, 9S, EV 95.0 MPH)
|
|
Batting: RHB Aaron Stout
|
0-0: Ball 1-0: Foul Ball, location: 2F 1-1: Ball 2-1: Foul Ball, location: 2F 2-2: Ball 3-2: Foul Ball, location: 2F 3-2: Base on Balls
|
|
Batting: RHB John Shaffer
|
0-0: Fielders Choice at 2nd, 4-6 (Groundball, 34S, EV 83.8 MPH)
|
|
Batting: RHB Kevin Wiles
|
0-0: Ball 1-0: Swinging Strike 1-1: Swinging Strike 1-2: Foul Ball, location: 2F 1-2: Foul Ball, location: 2F 1-2: Ball 2-2: Ball Wild Pitch! John Shaffer to second 3-2: Fly out, F9 (Flyball, 9D, EV 104.4 MPH)
|
| Bottom of the 1st over - 0 runs, 0 hits, 0 errors, 1 left on base; Vermont 1 - Mahoning Valley 0 |
| TOP OF THE 2ND |
|
Vermont Lake Monsters batting - Pitching for Mahoning Valley Scrappers : LHP Tony Flores
|
|
Batting: SHB Steve Salafia
|
0-0: Called Strike 0-1: Swinging Strike 0-2: Ball 1-2: Foul Ball, location: 2F 1-2: Ball 2-2: Foul Ball, location: 2F 2-2: Ball 3-2: Strikes out swinging
|
|
Batting: LHB Ed Talamantes
|
0-0: Foul Ball, location: 2F 0-1: Ball 1-1: Swinging Strike 1-2: Strikes out swinging
|
|
Batting: RHB Jake Leffel
|
0-0: Foul Ball, location: 2F 0-1: SINGLE (Groundball, 6S, EV 70.6 MPH) (infield hit)
|
|
Batting: LHB Nate Melendez
|
0-0: Called Strike 0-1: Swinging Strike 0-2: Ball 1-2: Foul Ball, location: 2F 1-2: Ball 2-2: Foul Ball, location: 2F 2-2: Strikes out swinging
|
| Top of the 2nd over - 0 runs, 1 hit, 0 errors, 1 left on base; Vermont 1 - Mahoning Valley 0 |
| BOTTOM OF THE 2ND |
|
Mahoning Valley Scrappers batting - Pitching for Vermont Lake Monsters : LHP Steve Lima
|
|
Batting: RHB Luis Roman
|
0-0: Called Strike 0-1: Ball 1-1: Foul Ball, location: 2F 1-2: Strikes out swinging
|
|
Batting: RHB Nick Gossman
|
0-0: Hit by Pitch
|
|
Batting: RHB Leo Villa
|
0-0: Ball 1-0: Ball 2-0: Called Strike 2-1: Ball 3-1: Foul Ball, location: 2F 3-2: Foul Ball, location: 2F 3-2: Strikes out swinging
|
|
Batting: RHB Jonathan Livingston
|
0-0: Foul Ball, location: 2F 0-1: Called Strike 0-2: Foul Ball, location: 2F 0-2: Ball 1-2: Fly out, F8 (Flyball, 8LD, EV 85.6 MPH)
|
| Bottom of the 2nd over - 0 runs, 0 hits, 0 errors, 1 left on base; Vermont 1 - Mahoning Valley 0 |
| TOP OF THE 3RD |
|
Vermont Lake Monsters batting - Pitching for Mahoning Valley Scrappers : LHP Tony Flores
|
|
Batting: RHB Jonathan Ellis
|
0-0: Called Strike 0-1: Ball 1-1: Ball 2-1: Called Strike 2-2: Ball 3-2: Foul Ball, location: 2F 3-2: Foul Ball, location: 2F 3-2: Ground out 5-3 (Groundball, 56S, EV 90.0 MPH)
|
|
Batting: RHB Zachary Anderson
|
0-0: Called Strike 0-1: Ground out 5-3 (Groundball, 56, EV 78.8 MPH)
|
|
Batting: RHB Sean Gould
|
0-0: Ball 1-0: Ball 2-0: Ground out 3-1 (Groundball, 34S, EV 85.0 MPH)
|
| Top of the 3rd over - 0 runs, 0 hits, 0 errors, 0 left on base; Vermont 1 - Mahoning Valley 0 |
| BOTTOM OF THE 3RD |
|
Mahoning Valley Scrappers batting - Pitching for Vermont Lake Monsters : LHP Steve Lima
|
|
Batting: RHB Tacito Carreiro
|
0-0: Called Strike 0-1: Fly out, F9 (Line Drive, 89M, EV 90.6 MPH)
|
|
Batting: RHB Juan Ordonez
|
0-0: Swinging Strike 0-1: Called Strike 0-2: Ground out 5-3 (Groundball, 5, EV 86.9 MPH)
|
|
Batting: RHB Aaron Stout
|
0-0: Called Strike 0-1: Ball 1-1: Ball 2-1: Called Strike 2-2: Strikes out swinging
|
| Bottom of the 3rd over - 0 runs, 0 hits, 0 errors, 0 left on base; Vermont 1 - Mahoning Valley 0 |
| TOP OF THE 4TH |
|
Vermont Lake Monsters batting - Pitching for Mahoning Valley Scrappers : LHP Tony Flores
|
|
Batting: RHB Chris Prinzing
|
0-0: Swinging Strike 0-1: Foul Ball, location: 2F 0-2: Strikes out swinging
|
|
Batting: RHB Jon Coleman
|
0-0: Called Strike 0-1: Swinging Strike 0-2: Hit by Pitch
|
|
Batting: SHB Steve Salafia
|
0-0: Swinging Strike 0-1: Foul Ball, location: 2F 0-2: Foul Ball, location: 2F 0-2: Ball 1-2: Foul Ball, location: 2F 1-2: Ball 2-2: Ball 3-2: Foul Ball, location: 2F 3-2: Strikes out swinging
|
|
Batting: LHB Ed Talamantes
|
0-0: Fielders Choice at 2nd, 6-4 (Groundball, 6, EV 95.0 MPH)
|
| Top of the 4th over - 0 runs, 0 hits, 0 errors, 1 left on base; Vermont 1 - Mahoning Valley 0 |
| BOTTOM OF THE 4TH |
|
Mahoning Valley Scrappers batting - Pitching for Vermont Lake Monsters : LHP Steve Lima
|
|
Batting: RHB John Shaffer
|
0-0: Swinging Strike 0-1: Swinging Strike 0-2: Ball 1-2: Ball 2-2: Strikes out swinging
|
|
Batting: RHB Kevin Wiles
|
0-0: Ball 1-0: Ball 2-0: Called Strike 2-1: Ball 3-1: Called Strike 3-2: SINGLE (Flyball, 8RS, EV 98.8 MPH)
|
|
Pitching: RHP Igoryok Wolgaevsky
|
|
|
Pinch Hitting: LHB Dave Key
|
0-0: Fielders Choice at 2nd, 3-6 (Groundball, 3, EV 104.4 MPH)
|
|
Batting: RHB Nick Gossman
|
0-0: Called Strike 0-1: Ground out 4-3 (Groundball, 4, EV 110.0 MPH)
|
| Bottom of the 4th over - 0 runs, 1 hit, 0 errors, 1 left on base; Vermont 1 - Mahoning Valley 0 |
| TOP OF THE 5TH |
|
Vermont Lake Monsters batting - Pitching for Mahoning Valley Scrappers : LHP Tony Flores
|
|
Now at 1B: John Shaffer
|
|
|
Now at 3B: Dave Key
|
|
|
Batting: RHB Jake Leffel
|
0-0: Ball 1-0: Fly out, F4 (Popup, 3S, EV 70.6 MPH)
|
|
Batting: LHB Nate Melendez
|
0-0: Ground out 1-3 (Groundball, 15S, EV 68.8 MPH)
|
|
Batting: RHB Jonathan Ellis
|
0-0: DOUBLE (Line Drive, 7LM, EV 98.8 MPH)
|
|
Batting: RHB Zachary Anderson
|
0-0: Foul Ball, location: 2F 0-1: Called Strike 0-2: Foul Ball, location: 2F 0-2: Ball 1-2: Ground out 5-3 (Groundball, 56, EV 83.1 MPH)
|
| Top of the 5th over - 0 runs, 1 hit, 0 errors, 1 left on base; Vermont 1 - Mahoning Valley 0 |
| BOTTOM OF THE 5TH |
|
Mahoning Valley Scrappers batting - Pitching for Vermont Lake Monsters : RHP Igoryok Wolgaevsky
|
|
Batting: RHB Leo Villa
|
0-0: Called Strike 0-1: Called Strike 0-2: Foul Ball, location: 2F 0-2: Strikes out swinging
|
|
Batting: RHB Jonathan Livingston
|
0-0: Ball 1-0: Foul Ball, location: 2F 1-1: Fly out, F7 (Flyball, 7LM, EV 96.2 MPH)
|
|
Batting: RHB Tacito Carreiro
|
0-0: Ball 1-0: Ball 2-0: Ground out 5-3 (Groundball, 56, EV 106.9 MPH)
|
| Bottom of the 5th over - 0 runs, 0 hits, 0 errors, 0 left on base; Vermont 1 - Mahoning Valley 0 |
| TOP OF THE 6TH |
|
Vermont Lake Monsters batting - Pitching for Mahoning Valley Scrappers : LHP Tony Flores
|
|
Batting: RHB Sean Gould
|
0-0: Called Strike 0-1: Ball 1-1: Swinging Strike 1-2: Foul Ball, location: 2F 1-2: Strikes out looking
|
|
Batting: RHB Chris Prinzing
|
0-0: Called Strike 0-1: Swinging Strike 0-2: Ball 1-2: Strikes out swinging
|
|
Batting: RHB Jon Coleman
|
0-0: Called Strike 0-1: Ball 1-1: Called Strike 1-2: Foul Ball, location: 2F 1-2: Ball 2-2: Foul Ball, location: 2F 2-2: Ball 3-2: SOLO HOME RUN (Flyball, 7LD, EV 93.8 MPH), Distance : 347 ft
|
|
Batting: SHB Steve Salafia
|
0-0: Foul Ball, location: 2F 0-1: Ground out 6-3 (Groundball, 6MS, EV 80.6 MPH)
|
| Top of the 6th over - 1 run, 1 hit, 0 errors, 0 left on base; Vermont 2 - Mahoning Valley 0 |
| BOTTOM OF THE 6TH |
|
Mahoning Valley Scrappers batting - Pitching for Vermont Lake Monsters : RHP Igoryok Wolgaevsky
|
|
Pinch Hitting: RHB Gary Ming
|
0-0: Ball 1-0: Ball 2-0: Called Strike 2-1: Foul Ball, location: 2F 2-2: Foul Ball, location: 2F 2-2: Ground out 4-3 (Groundball, 4S, EV 69.4 MPH)
|
|
Batting: RHB Aaron Stout
|
0-0: Ball 1-0: Called Strike 1-1: Foul Ball, location: 2F 1-2: Strikes out swinging
|
|
Batting: RHB John Shaffer
|
0-0: Called Strike 0-1: Called Strike 0-2: SINGLE (Groundball, 3D, EV 102.5 MPH)
|
|
Pitching: RHP John Harrell
|
|
|
Batting: RHB Kevin Wiles
|
0-0: Ball 1-0: Called Strike 1-1: Called Strike 1-2: Ball 2-2: SINGLE (Flyball, 8RS, EV 90.6 MPH) John Shaffer to second Runner from 2nd tries for 3rd, SAFE, throw by CF made to third
|
|
Batting: LHB Dave Key
|
0-0: Ball 1-0: Ball 2-0: SINGLE (Groundball, 34S, EV 65.6 MPH) (infield hit) John Shaffer scores Kevin Wiles to second
|
|
Batting: RHB Nick Gossman
|
0-0: Fly out, F8 (Flyball, 78S, EV 88.8 MPH)
|
| Bottom of the 6th over - 1 run, 3 hits, 0 errors, 2 left on base; Vermont 2 - Mahoning Valley 1 |
| TOP OF THE 7TH |
|
Vermont Lake Monsters batting - Pitching for Mahoning Valley Scrappers : LHP Tony Flores
|
|
Now in LF: Gary Ming
|
|
|
Now in CF: Jonathan Livingston
|
|
|
Batting: LHB Ed Talamantes
|
0-0: Ball 1-0: Ball 2-0: Ball 3-0: Base on Balls
|
|
Batting: RHB Jake Leffel
|
0-0: Ball Wild Pitch! Ed Talamantes to second 1-0: Called Strike 1-1: Ball 2-1: Ground out 1-3 (Groundball, 13, EV 61.9 MPH) Ed Talamantes to third
|
|
Pitching: RHP Eddie Aguilar
|
|
|
Batting: LHB Nate Melendez
|
0-0: Ball 1-0: Foul Ball, location: 2F Squeeze bunt is on, Ed Talamantes is out 1-2: Foul Ball, location: 2F 1-2: Foul Ball, location: 2F 1-2: Strikes out swinging
|
| Top of the 7th over - 0 runs, 0 hits, 0 errors, 0 left on base; Vermont 2 - Mahoning Valley 1 |
| BOTTOM OF THE 7TH |
|
Mahoning Valley Scrappers batting - Pitching for Vermont Lake Monsters : RHP John Harrell
|
|
Batting: RHB Leo Villa
|
0-0: Called Strike 0-1: Ball 1-1: Ball 2-1: Foul Ball, location: 2F 2-2: Strikes out looking
|
|
Batting: RHB Jonathan Livingston
|
0-0: Ball 1-0: Fly out, F7 (Line Drive, 7S, EV 113.1 MPH)
|
|
Batting: RHB Tacito Carreiro
|
0-0: Called Strike 0-1: Foul Ball, location: 2F 0-2: Ball 1-2: Foul Ball, location: 2F 1-2: DOUBLE (Groundball, 5L, EV 107.5 MPH)
|
|
Batting: RHB Gary Ming
|
0-0: Called Strike 0-1: Foul Ball, location: 2F 0-2: Foul Ball, location: 2F 0-2: Ball 1-2: SINGLE (Line Drive, 56D, EV 98.8 MPH) Tacito Carreiro to third Runner from 3rd tries for Home, SAFE, throw by LF to home
|
|
Pinch Hitting: LHB Matt Steinke
|
0-0: Called Strike 0-1: Ball 1-1: Ground out U3 (Groundball, 34S, EV 87.5 MPH)
|
| Bottom of the 7th over - 1 run, 2 hits, 0 errors, 1 left on base; Vermont 2 - Mahoning Valley 2 |
| TOP OF THE 8TH |
|
Vermont Lake Monsters batting - Pitching for Mahoning Valley Scrappers : RHP Eddie Aguilar
|
|
Now at SS: Justin Young
|
|
|
Batting: RHB Jonathan Ellis
|
0-0: Hit by Pitch
|
|
Pinch Hitting: LHB Nick Pacheco
|
0-0: Ball 1-0: Fly out, F8 (Flyball, 8RD, EV 99.4 MPH)
|
|
Batting: RHB Sean Gould
|
0-0: Called Strike Jonathan Ellis steals 2nd base 0-1: Ball Jonathan Ellis steals 3rd base 1-1: Intentional Walk
|
|
Batting: RHB Chris Prinzing
|
0-0: Ball Wild Pitch! Jonathan Ellis scores Sean Gould to second 1-0: Foul Ball, location: 2F 1-1: Ball 2-1: Ball 3-1: Base on Balls
|
|
Batting: RHB Jon Coleman
|
0-0: Foul Ball, location: 2F 0-1: Fielders Choice at 2nd, 5-4 (Groundball, 5S, EV 85.0 MPH) Sean Gould to third
|
|
Batting: SHB Steve Salafia
|
0-0: Ball 1-0: Ball 2-0: SINGLE (Groundball, 4MD, EV 103.1 MPH) Sean Gould scores Jon Coleman to second
|
|
Batting: LHB Ed Talamantes
|
0-0: Ball 1-0: Ball 2-0: Swinging Strike 2-1: SINGLE (Groundball, 6S, EV 95.6 MPH) Jon Coleman to third Steve Salafia to second Runner from 3rd tries for Home, SAFE, throw by LF to home
|
|
Batting: RHB Jake Leffel
|
0-0: Ball 1-0: Called Strike 1-1: Foul Ball, location: 2F 1-2: Strikes out swinging
|
| Top of the 8th over - 3 runs, 2 hits, 0 errors, 2 left on base; Vermont 5 - Mahoning Valley 2 |
| BOTTOM OF THE 8TH |
|
Mahoning Valley Scrappers batting - Pitching for Vermont Lake Monsters : RHP John Harrell
|
|
Now at 3B: Alberto Malagon
|
|
|
Batting: RHB John Shaffer
|
0-0: Foul Ball, location: 2F 0-1: Foul Ball, location: 2F 0-2: Fly out, F6 (Popup, 6M, EV 63.1 MPH)
|
|
Batting: RHB Kevin Wiles
|
0-0: Ball 1-0: Ball 2-0: Fly out, F8 (Flyball, 8LM, EV 90.6 MPH)
|
|
Batting: LHB Dave Key
|
0-0: Ball 1-0: Swinging Strike 1-1: Ball 2-1: SINGLE (Line Drive, 3D, EV 98.8 MPH)
|
|
Batting: RHB Nick Gossman
|
0-0: Called Strike 0-1: Called Strike 0-2: Foul Ball, location: 2F 0-2: Ball 1-2: Ball 2-2: Ball 3-2: Strikes out looking
|
| Bottom of the 8th over - 0 runs, 1 hit, 0 errors, 1 left on base; Vermont 5 - Mahoning Valley 2 |
| TOP OF THE 9TH |
|
Vermont Lake Monsters batting - Pitching for Mahoning Valley Scrappers : RHP Eddie Aguilar
|
|
Pitching: LHP Micah Watson
|
|
|
Batting: LHB Nate Melendez
|
0-0: Foul Ball, location: 2F 0-1: Called Strike 0-2: Ball 1-2: Ball 2-2: Strikes out swinging
|
|
Batting: RHB Jonathan Ellis
|
0-0: Ball 1-0: SINGLE (Groundball, 6, EV 95.0 MPH)
|
|
Batting: RHB Alberto Malagon
|
0-0: Ball 1-0: Called Strike Jonathan Ellis steals 2nd base 1-1: Ground out 4-3 (Groundball, 4, EV 82.5 MPH) Jonathan Ellis to third
|
|
Batting: RHB Sean Gould
|
0-0: Foul Ball, location: 2F 0-1: Ball 1-1: Swinging Strike 1-2: Ball Passed Ball! Jonathan Ellis scores 2-2: Strikes out looking
|
| Top of the 9th over - 1 run, 1 hit, 0 errors, 0 left on base; Vermont 6 - Mahoning Valley 2 |
| BOTTOM OF THE 9TH |
|
Mahoning Valley Scrappers batting - Pitching for Vermont Lake Monsters : RHP John Harrell
|
|
Pitching: RHP Carlos Pichardo
|
|
|
Batting: RHB Leo Villa
|
0-0: Ball 1-0: Ball 2-0: Called Strike 2-1: Ground out 6-3 (Groundball, 6, EV 83.8 MPH)
|
|
Batting: RHB Jonathan Livingston
|
0-0: Called Strike 0-1: Foul Ball, location: 2F 0-2: Ball 1-2: Ball 2-2: Strikes out swinging
|
|
Batting: RHB Tacito Carreiro
|
0-0: Called Strike 0-1: Ground out 5-3 (Groundball, 56S, EV 87.5 MPH)
|
| Bottom of the 9th over - 0 runs, 0 hits, 0 errors, 0 left on base; Vermont 6 - Mahoning Valley 2 |
|